 Dungeon Crawl Stone Soup version 0.14-a0-3509-g488b3d4 (webtiles) character file.

232 MackTheKnife the Grave Robber (level 5, -1/28 HPs)
             Began as a Deep Elf Necromancer on Mar 26, 2014.
             Was an Initiate of Vehumet.
             Succumbed to a worker ant's poison
             ... on Level 3 of the Dungeon.
             The game lasted 00:05:22 (2946 turns).

MackTheKnife the Grave Robber (DENe)                Turns: 2946, Time: 00:05:22

HP  -1/28        AC  3     Str  6      XL: 5   Next:  2%
MP   8/19        EV 13     Int 20      God: Vehumet [......]
Gold 92          SH  0     Dex 15      Spells:  4 memorised,  6 levels left

rFire  . . .     SeeInvis .     g - +2,+1 short sword (speed)
rCold  . . .     Clarity  .     a - +0 robe
rNeg   . . .     Conserve .     (no shield)
rPois  .         rCorr    .     (no helmet)
rElec  .         rRot     .     (no cloak)
SustAb . .       Spirit   .     (no gloves)
rMut   .         Warding  .     h - +0 pair of boots
Saprov . . .     Stasis   .     (no amulet)
MR     .....                    (no ring)
                                (no ring)

@: lethally poisoned, not resistant to hostile enchantments, fairly stealthy
A: no striking features
a: Renounce Religion


You were on level 3 of the Dungeon.
You worshipped Vehumet.
Vehumet was noncommittal.
You were hungry.

You visited 1 branch of the dungeon, and saw 3 of its levels.

You collected 92 gold pieces.


   Skills:
 - Level 2.4 Dodging
 - Level 2.4 Stealth
 + Level 5.1 Spellcasting
 + Level 6.5 Necromancy


You had 6 spell levels left.
You knew the following spells:

 Your Spells              Type           Power        Failure   Level  Hunger
b - Animate Skeleton      Necr           N/A          1%          1    None
g - Regeneration          Chrm/Necr      ###.......   10%         3    ##.....
x - Vampiric Draining     Necr           ####......   2%          3    ##.....
z - Pain                  Necr           ####         1%          1    None

Inventory:

Hand weapons
 g - a +2,+1 short sword of speed (weapon)
 q - a +1,+1 dagger of venom
Armour
 a - a +0 robe (worn)
 h - a +0 pair of boots (worn)
Comestibles
 c - 2 bread rations
 i - a meat ration
 r - a choko
 s - a sausage
Scrolls
 f - 3 scrolls of remove curse
 j - 3 scrolls of teleportation
 n - a scroll of fear {unknown}
 o - 2 scrolls of identify
Potions
 d - a potion of curing {unknown}
 e - a potion of restore abilities
 k - a potion of heal wounds {unknown}
 l - a potion of agility {unknown}
 m - 2 potions of flight {unknown}
 p - a potion of poison {unknown}
Books
 b - a book of Necromancy

   Spells                             Type                      Level
   *Pain                              Necromancy                   1
   *Animate Skeleton                  Necromancy                   1
   Lethal Infusion                    Charms/Necromancy            2
   *Vampiric Draining                 Necromancy                   3
   *Regeneration                      Charms/Necromancy            3
   Animate Dead                       Necromancy                   4
   Control Undead                     Necromancy                   4

▒····▒▒▒·▒▒▒··▒
▒····▒ ▒·▒ ▒·▒▒
▒····▒▒▒+▒▒▒·▒
+····▒▒▒_'···▒
▒····▒▒▒'▒▒▒·▒
··>·▒ ▒·▒ ▒·▒▒
▒·▒▒▒·▒▒▒··▒
▒··········▒
▒·e··▒▒····▒
▒%▒▒▒▒▒·▒▒▒▒
··· ··▒ ·····
···▒ ▒·····
····▒ ▒·····
·<···▒
··!········▒
···· ···>·▒ ·
··▒


There were no monsters in sight!


Message History

Aiming: Pain
Aim: a worker ant (severely wounded)
The worker ant barely resists.
You feel sick. The worker ant bites you.
* * * LOW HITPOINT WARNING * * *
You are lethally poisoned!
The worker ant poisons you!
Aiming: Pain
Aim: a worker ant (severely wounded)
The worker ant convulses in agony!
You kill the worker ant!
Vehumet accepts your kill.
Your Spellcasting skill increases to level 5!
* * * LOW HITPOINT WARNING * * *
You feel sick. The adder bites you but does no damage.
Aiming: Pain
Aim: an adder The adder convulses in agony!
* * * LOW HITPOINT WARNING * * *
You feel sick. The adder misses you.
Aiming: Pain
Aim: an adder (almost dead)
The adder convulses in agony!
You kill the adder!
Vehumet accepts your kill.
You have reached level 5!
* * * LOW HITPOINT WARNING * * *
You feel sick.
Drink which item? (? for menu, Esc to quit)
You feel refreshed.
It was a potion of restore abilities.
You die...

Action                   |  1- 3 |  4- 6 || total
-------------------------+-------+-------++-------
Melee: Short sword       |    42 |    11 ||    53
       Unarmed           |     6 |       ||     6
 Cast: Pain              |    58 |    23 ||    81
       Animate Skeleton  |     2 |       ||     2
  Use: Scroll            |     7 |       ||     7
       Potion            |       |     1 ||     1
 Stab: Sleeping          |     1 |       ||     1

Vault maps used:
D:1:      elethiomel_arrival_maze, serial_glass, glass_columns_a,
          glass_columns_a, due_unseen_surprise, item_on_display_a,
          item_on_display_b, feat_on_display, minmay_box_of_dots
D:2:      minivault_27, dk_noncrumbling_4, kennysheep_flooded_box,
          kennysheep_generic_room_7
D:3:      lemuel_doored_altar, first_bread, uniq_crazy_yiuf_cottage,
          uniq_terence, uniq_natasha

Notes
Turn   | Place    | Note
--------------------------------------------------------------
     0 | D:1      | MackTheKnife, the Deep Elf Necromancer, began the quest for the Orb.
     0 | D:1      | Reached XP level 1. HP: 10/10 MP: 5/5
   124 | D:1      | Reached skill level 5 in Necromancy
   380 | D:1      | Reached XP level 2. HP: 12/15 MP: 6/8
   465 | D:1      | Learned a level 1 spell: Animate Skeleton
  1333 | D:1      | Reached XP level 3. HP: 13/19 MP: 8/11
  1443 | D:1      | Learned a level 3 spell: Vampiric Draining
  1447 | D:1      | Learned a level 3 spell: Regeneration
  1952 | D:2      | Reached skill level 4 in Spellcasting
  2392 | D:2      | Reached skill level 6 in Necromancy
  2573 | D:2      | Reached XP level 4. HP: 24/24 MP: 13/15
  2662 | D:2      | Found an iron altar of Okawaru.
  2916 | D:3      | Found a radiant altar of Vehumet.
  2929 | D:3      | Became a worshipper of Vehumet
  2943 | D:3      | Reached skill level 5 in Spellcasting
  2945 | D:3      | Reached XP level 5. HP: 3/28 MP: 8/19
  2945 | D:3      | HP: 1/28 [poisoned by a worker ant]
  2946 | D:3      | Succumbed to a worker ant's poison

Vanquished Creatures
  A worker ant (D:3)
  7 adders
  2 giant cockroaches
  6 goblins
  11 hobgoblins
  3 jackals (D:1)
  7 kobolds
  8 bats
  3 giant newts
  9 rats
57 creatures vanquished.

Vanquished Creatures (collateral kills)
  A goblin (D:1)
1 creature vanquished.

Vanquished Creatures (others)
  A bat skeleton (D:1)
  A jackal skeleton (D:1)
2 creatures vanquished.

Grand Total: 60 creatures vanquished
